 Dungeon Crawl Stone Soup version 0.31-a0-466-g98c9adc2b6 (webtiles) character file.

Game seed: 2486935436840047972

8 Ofeo the Ruffian (level 2, 27/27 HPs)
             Began as a Troll Shapeshifter on Aug 5, 2023.
             Quit the game on level 1 of the Dungeon.
             The game lasted 00:00:19 (831 turns).

Ofeo the Ruffian (Troll Shapeshifter)                Turns: 831, Time: 00:00:20

Health: 27/27      AC:  4    Str: 22    XL:     2   Next: 0%
Magic:  1/1        EV:  9    Int:  4    God:
Gold:   84         SH:  0    Dex: 10    Spells: 1/1 levels left

rFire   . .          .
                       - Unarmed
rCold   . . .        (no shield)
rNeg    . . .        a - +0 animal skin
rPois   .            (helmet currently unavailable)
rElec   .            (cloak currently unavailable)
rCorr   .            (gloves unavailable)
SInv    .            (boots unavailable)
Will    .....        (no amulet)
Stlth   +            (no ring)
HPRegen 1.04/turn    (no ring)
MPRegen 0.07/turn

%: no passive effects
@: beast-form
A: beast (slay +2), large, unfitting armour, claws 3, regeneration 1, shaggy fur
1, tough skin 1
a: Begin Untransformation


You were on level 1 of the Dungeon.
You were a hulking beast.
You visited 1 branch of the dungeon, and saw 1 of its levels.

You collected 84 gold pieces.

Inventory:

Armour
 a - a +0 animal skin (worn)
Talismans
 c - a beast talisman (active)
Scrolls
 d - 2 scrolls of vulnerability {unknown}
 e - a scroll of blinking {unknown}
 f - a scroll of identify {unknown}
 g - 2 scrolls of acquirement {unknown}
Potions
 b - a potion of lignification


   Skills:
 + Level 1.0 Fighting
 + Level 1.7 Dodging
 + Level 3.1 Unarmed Combat
 + Level 3.1 Shapeshifting


You had one spell level left.
You didn't know any spells.
Your spell library was empty.

Dungeon Overview and Level Annotations

Branches:
Dungeon (1/15)

Altars:


Innate Abilities, Weirdness & Mutations

You are a hulking beast.
Your limbs bulge with bestial killing power. (Slay +2)
You are too large for most types of armour.
You have claws for hands.
Your natural rate of healing is unusually fast.
You are covered in fur. (AC +1)
You have tough skin. (AC +1)


Message History

You open the door.
Found 5 curare-tipped darts.
No target in view!
No target in view!
No target in view!
No target in view!
No target in view!
No target in view!
No target in view!
There is an open door here.
Found a ring mail.
You now have 71 gold pieces (gained 11).
You now have 84 gold pieces (gained 13).
g - 2 scrolls labelled MOWEENE LOTZ (gained 1)
You see here a +0 ring mail.
You open the door.
There is an open door here.
There is an open door here.
You see here a +0 ring mail.
You open the door. You open the door.
There is an open door here.
There is an open door here.
You see here a +0 ring mail.
There is an open door here.
You open the door.
There is an open door here.
Key pressed, stopping explore.
There is an open door here.
You see here a +0 mace.
You see here a +0 mace.
You see here a +0 short sword.
There is an open door here.
There is an open door here.
You see here a +0 ring mail.
There is an open door here.
You see here a quokka skeleton.
You see here a quokka skeleton.
Done exploring.
Are you sure you want to abandon this character and quit the game? (Confirm with "yes".)

####.#####.##.
#.).###.##.
#.......###
#.#.#|...#
#.#.#....#
#####.#.#....##
##.....#........
###.......##....##
#h.♣♣♣♣♣♣.#######
##.♣♣ ♣.# #..♣♣
♣.## #...♣ ♣♣..#
#.#.♣♣♣♣♣...#
#...........#
##.......##.#####
####.#####.....#
#.# #####.#


There were no monsters in sight!

Vanquished Creatures
  A hobgoblin (D:1)
  2 quokkas (D:1)
  A bat (D:1)
  2 goblins (D:1)
  A kobold (D:1)
  2 rats (D:1)
9 creatures vanquished.

Notes
Turn   | Place    | Note
-------+----------+-------------------------------------------
     0 | D:1      | Ofeo the Troll Shapeshifter began the quest for the Orb.
     0 | D:1      | Reached XP level 1. HP: 18/18 MP: 0/0
   512 | D:1      | Reached skill level 1 in Fighting
   548 | D:1      | Reached XP level 2. HP: 27/27 MP: 1/1
   831 | D:1      | Quit the game

Illustrated notes

Levels and vault maps discovered:
D:1:      amcnicky_arrival_flooded_fountain, layout_basic, dk_noncrumbling_4,
          nrook_campfire, minivault_11

Skill      XL: |  1 |
---------------+----+-----
Fighting       | 1 |  1.0
Dodging        | |  1.7
Unarmed Combat | |  3.1
Shapeshifting  | |  3.1

Action                     || total
---------------------------++-------
  Melee: Unarmed           ||    16
         Punch             ||     1
 Armour: Animal skin       ||     6
  Dodge: Dodged            ||     8

Table legend: (Time is in decaauts)
 A = Elapsed time spent in this place.
 B = Non-inter-level travel time spent in this place.
 C = Inter-level travel time spent in this place.
 D = Time resting spent in this place.
 E = Time spent auto-exploring this place.
 F = Levels seen in this place.
 G = Mean time per level.
                   A        B        C        D        E       F      G
               +--------+--------+--------+--------+--------+-----+--------+
         Total |    829 |    829 |      0 |      0 |    773 |   1 |  829.0 |
       Dungeon |    829 |    829 |      0 |      0 |    773 |   1 |  829.0 |
               +--------+--------+--------+--------+--------+-----+--------+

Top non-repeatable levels by time:
     D:1: 829 daAuts
